 Seeded DCSS version 0.29.1-13-g9f3cf754e1 (webtiles) character file.

Game seed: 12304798695819486054 (custom seed)

1598 sanboga the Cleaver (level 8, 0/60 (65) HPs)
             Began as a Minotaur Monk on Feb 2, 2023.
             Was a Believer of Hepliaklqana.
             Slain by a wight
             ... wielding a +1 hand axe of freezing
              (3 damage)
             ... on level 7 of the Dungeon.
             The game lasted 00:08:53 (7904 turns).

sanboga the Cleaver (Minotaur Monk)                 Turns: 7904, Time: 00:08:53

HP:   0/60 (65)     AC: 15    Str: 18    XL:     8   Next: 62%
MP:   7/7           EV: 11    Int:  7    God:    Hepliaklqana [**....]
Gold: 147           SH:  5    Dex: 13    Spells: 7/7 levels left

rFire   . . .      SeeInvis .   e - +10 war axe of Temoatess {venom, rPois}
rCold   . . .      Faith    .   (no shield)
rNeg    . . .      Spirit   .   s - +0 scale mail
rPois   +          Reflect  +   (helmet restricted)
rElec   .          Harm     .   m - +0 cloak
rCorr   .          Rampage  .   a - +0 pair of gloves
Will    .....                   p - +0 pair of boots
Stlth   ++........              k - amulet of reflection
HPRegen 0.20/turn               v - +4 ring of protection
MPRegen 0.10/turn               w - ring of Shadows {Umbra +Inv Stlth+}

@: wreathed by umbra, drained
A: reduced essence, horns 2, retaliatory headbutt
a: Renounce Religion, Evoke Invisibility, Recall Ancestor, Ancestor Identity


You were on level 7 of the Dungeon.
You worshipped Hepliaklqana.
Hepliaklqana was pleased with you.
You visited 2 branches of the dungeon, and saw 8 of its levels.

You collected 334 gold pieces.
You spent 187 gold pieces at shops.

Inventory:

Hand Weapons
 e - the +10 war axe of Temoatess (weapon) {venom, rPois}
   (You found it on level 6 of the Dungeon)

   It poisons the flesh of those it strikes.
   rPois:     It protects you from poison.
 r - a +0 executioner's axe
Armour
 a - a +0 pair of gloves (worn)
 m - a +0 cloak (worn)
 p - a +0 pair of boots (worn)
 s - a +0 scale mail (worn)
Jewellery
 h - a ring of poison resistance
 k - an amulet of reflection (around neck)
 n - an amulet of magic regeneration
 v - a +4 ring of protection (left hand)
 w - the ring of Shadows (right hand) {Umbra +Inv Stlth+}
   (You found it on level 4 of the Dungeon)

   [ring of stealth]

   It surrounds you with an aura of shadow, increasing your stealth and reducing
   the accuracy of all others within it.
   +Inv:      It lets you turn invisible.
   Stlth:     It makes you more stealthy.
Wands
 t - a wand of mindburst (5)
Scrolls
 g - a scroll of fear
 i - 6 scrolls of teleportation {unknown}
 o - a scroll of magic mapping
 u - a scroll of identify
Potions
 b - a potion of flight
 c - a potion of ambrosia
 d - a potion of lignification {unknown}
 f - a potion of mutation
 j - 5 potions of curing
 l - a potion of heal wounds
 q - 2 potions of invisibility


   Skills:
 + Level 7.4 Fighting
 * Level 9.6 Axes
 + Level 5.6 Armour
 - Level 4.1 Dodging
 - Level 2.5 Stealth


You had 7 spell levels left.
You didn't know any spells.
Your spell library contained the following spells:

 Spells                   Type           Power      Damage    Failure   Level
 Sandblast                Erth           0%         2d4       80%         1
 Summon Small Mammal      Summ           0%         N/A       80%         1
 Passwall                 Tmut/Erth      0%         N/A       90%         2
 Call Canine Familiar     Summ           0%         N/A       99%         3
 Gell's Gravitas          Tloc           0%         N/A       99%         3
 Inner Flame              Hex/Fire       0%         N/A       99%         3
 Stone Arrow              Conj/Erth      0%         3d7       99%         3
 Summon Guardian Golem    Hex/Summ       0%         N/A       99%         3
 Teleport Other           Tloc           0%         N/A       99%         3
 Animate Dead             Necr           0%         N/A       100%        4
 Cause Fear               Hex            0%         N/A       100%        4
 Borgnjor's Vile Clutch   Necr/Erth      0%         N/A       100%        5
 Death Channel            Necr           0%         N/A       100%        6
 Dispersal                Tloc           0%         N/A       100%        6
 Discord                  Hex            0%         N/A       100%        8


Dungeon Overview and Level Annotations

Branches:
Dungeon (7/15)             Temple (1/1) D:5

Altars:
Dithmenos
Fedhas
Gozag
Hepliaklqana
Makhleb
Okawaru
Trog
Uskayaw
Wu Jian
Xom
Zin
The Shining One

Shops:
D:3 =:([?


Innate Abilities, Weirdness & Mutations

Your life essence is reduced to manifest your ancestor. (-10% HP)
You have a pair of horns on your head.
You reflexively headbutt those who attack you in melee.


Message History

The wight freezes you. The wight attacks as you move away!
The wight completely misses you.
A wight comes into view. It is wielding a +0 halberd.
The wight attacks as you move away! The wight hits you but does no damage.
The wight attacks as you move away! The wight closely misses you.
You furiously retaliate!
You headbutt the wight, but do no damage.
The wight attacks as you move away! The wight misses you.
You furiously retaliate!
You headbutt the wight, but do no damage.
The wight attacks as you move away!
The wight hits you with a +1 falchion of protection.
* * * LOW HITPOINT WARNING * * *
You feel drained.
* * * LOW HITPOINT WARNING * * *
The wight attacks as you move away! The wight barely misses you.
You furiously retaliate!
You headbutt the wight. The wight attacks as you move away!
The wight barely misses you. The wight attacks as you move away!
The wight misses you. The wight attacks as you move away!
The wight hits you with a +1 hand axe of freezing.
* * * LOW HITPOINT WARNING * * *
You feel drained.
* * * LOW HITPOINT WARNING * * *
The wight freezes you.
* * * LOW HITPOINT WARNING * * *
The wight attacks as you move away!
The wight hits you with a +1 hand axe of freezing.
* * * LOW HITPOINT WARNING * * *
You feel drained.
* * * LOW HITPOINT WARNING * * *
The wight freezes you.
* * * LOW HITPOINT WARNING * * *
The wight attacks as you move away! The wight barely misses you.
The wight attacks as you move away! The wight hits you but does no damage.
There is a stone staircase leading up here.
The wight hits you with a +1 hand axe of freezing.
* * * LOW HITPOINT WARNING * * *
The wight freezes you.
You die...

#. #.# ##.........#
#.##.# #..##....##
#.##.# #..##...##
#.##.# #..###..#
#.##.# #..###..#
#.##.#######.......#
#.##....##........##
#.....†.....#.##..#
#...#'#..#@#.# #..#
##..'_'..z.# #..#
#..#'#.z#.# #.##
#.....z##.#####.#
#......##.......#
######.#######.##
#.##### #.# #...z.#
#.# #####.# #.#


You could see 3 wights.

Vanquished Creatures
  A wyvern (D:7)
  Edmund (D:6)
  A water moccasin (D:6)
  2 black bears
  A bullfrog (D:7)
  A scorpion (D:5)
  2 jellies (D:5)
  A crimson imp (D:4)
  Crazy Yiuf (D:2)
  An orc priest (D:6)
  3 hounds (D:5)
  A gnoll bouda (D:5)
  2 iguanas
  2 orc wizards (D:5)
  16 gnolls
  4 adders
  A white imp (D:5)
  An ufetubus (D:4)
  2 worms
  3 dart slugs
  18 orcs
  5 ball pythons
  6 endoplasms
  2 giant cockroaches
  5 hobgoblins
  9 jackals
  11 kobolds
  6 quokkas
  8 bats
  3 frilled lizards
  11 goblins
  A goblin zombie (D:4)
  2 hobgoblin zombies (D:4)
  A kobold skeleton (D:4)
  A kobold zombie (D:4)
  An orc zombie (D:4)
  3 rats
140 creatures vanquished.

Vanquished Creatures (collateral kills)
  An ogre (D:6)
  A phantom (D:6)
  A gnoll bouda (D:7)
  An orc wizard (D:6)
4 creatures vanquished.

Vanquished Creatures (others)
  A hexer (D:7)
1 creature vanquished.

Grand Total: 145 creatures vanquished

Notes
Turn   | Place    | Note
-------+----------+-------------------------------------------
     0 | D:1      | sanboga the Minotaur Monk began the quest for the Orb.
     0 | D:1      | Reached XP level 1. HP: 19/19 MP: 0/0
   278 | D:1      | Reached XP level 2. HP: 27/27 MP: 1/1
   343 | D:1      | Reached skill level 4 in Axes
   497 | D:1      | Reached XP level 3. HP: 24/33 MP: 2/2
  1262 | D:1      | Found a faded altar of an unknown god.
  1433 | D:2      | Reached XP level 4. HP: 37/40 MP: 3/3
  1594 | D:2      | Found a runed translucent door.
  1595 | D:2      | Noticed Crazy Yiuf
  2436 | D:2      | Killed Crazy Yiuf
  2697 | D:3      | Found Liepsun Dewn's Magic Scroll Shoppe.
  2706 | D:3      | Bought a scroll of magic mapping for 105 gold pieces
  2706 | D:3      | Bought a scroll of identify for 28 gold pieces
  2728 | D:3      | Found Weixodol's Armour Shoppe.
  2815 | D:3      | Found Ykhlo Rept's Antique Weapon Shop.
  2932 | D:3      | Found Xist's Jewellery Boutique.
  2991 | D:3      | Found Gitsimyt's Book Shoppe.
  3233 | D:4      | Found a glowing golden altar of the Shining One.
  3246 | D:4      | Reached XP level 5. HP: 47/47 MP: 4/4
  3250 | D:4      | Reached skill level 5 in Axes
  3261 | D:4      | Reached skill level 1 in Armour
  3798 | D:4      | Noticed a black bear
  3809 | D:4      | Killed a black bear
  3810 | D:4      | Reached skill level 5 in Fighting
  3810 | D:4      | Reached XP level 6. HP: 56/56 MP: 5/5
  3968 | D:4      | Found the ring of Shadows {Umbra +Inv Stlth+}
  4241 | D:5      | Entered Level 5 of the Dungeon
  4310 | D:5      | Reached skill level 6 in Axes
  4492 | D:5      | Found a staircase to the Ecumenical Temple.
  4520 | Temple   | Entered the Ecumenical Temple
  4633 | D:5      | Found a bloodstained altar of Trog.
  4804 | D:5      | Reached XP level 7. HP: 60/62 MP: 6/6
  4819 | D:5      | Identified the +4 quarterstaff of Zucluz {freeze, Will+
                  | Dex+3}
  4987 | D:5      | Reached skill level 7 in Axes
  5219 | D:5      | Found a burning altar of Makhleb.
  5803 | D:6      | Found a blossoming altar of Fedhas.
  5860 | D:6      | Found a hazy altar of Hepliaklqana.
  5944 | D:6      | Noticed Edmund
  5985 | D:6      | Became a worshipper of Hepliaklqana the Forgotten
  5985 | D:6      | Reached * piety under Hepliaklqana
  5985 | D:6      | Reached ** piety under Hepliaklqana
  5986 | D:6      | Remembered your ancestor Rabi as a hexer
  6038 | D:6      | Killed Edmund
  6249 | D:6      | Reached skill level 8 in Axes
  6259 | D:6      | Reached XP level 8. HP: 44/63 MP: 7/7
  6480 | D:6      | Identified the +10 war axe of Temoatess {venom, rPois}
  6634 | D:3      | Bought a +0 pair of gloves for 54 gold pieces
  6784 | D:6      | Found an iron altar of Okawaru.
  6819 | D:6      | Reached skill level 5 in Armour
  7684 | D:6      | Found an ancient bone altar of Kikubaaqudgha.
  7686 | D:6      | Found a hide-covered altar of Uskayaw.
  7686 | D:6      | Found a sacrificial altar of Ru.
  7688 | D:6      | Found a shimmering altar of Xom.
  7688 | D:6      | Found an ornate altar of the Wu Jian Council.
  7688 | D:6      | Found a glowing silver altar of Zin.
  7779 | D:7      | Reached skill level 9 in Axes
  7779 | D:7      | Found a shadowy altar of Dithmenos.
  7853 | D:7      | Found an ornate altar of the Wu Jian Council.
  7904 | D:7      | HP: 3/60 [wight/+1 hand axe of freezing (5)]
  7904 | D:7      | Slain by a wight

Illustrated notes

Levels and vault maps discovered:
D:1:      scummos_arrival_hexagon, layout_rooms,
          shapermc_ecumenical_altar_notcrosses, minivault_27, minmay_cupped
D:2:      layout_basic, uniq_crazy_yiuf_cottage
D:3:      layout_loops_cross, serial_shops, shop, nicolae_shop_advertising_works
          [nicolae_subvault_shop_adworks], shop, nicolae_shop_statue_plus,
          nicolae_shop_hallway_stairs
D:4:      layout_basic, nicolae_tso_besieged_by_evil, serial_rivers,
          chequers_serial_rivers_marsh, chequers_serial_rivers_small_3,
          chequers_serial_rivers_small_3, chequers_serial_rivers_micro_d,
          chequers_serial_rivers_room_a, chequers_serial_rivers_room_b
D:5:      layout_basic, bloody_trog, makhleb_heckhound_becter,
          minmay_temple_entry_trees
D:6:      layout_layer_cave, okawaru_altar_gauntlet_db,
          lemuel_coloured_pillars_altar, doesnt_xom_only_xom, fedhas_altar_2,
          uniq_edmund
D:7:      layout_loops_ring, nicolae_wu_jian_wuxing_cycle, kennysheep_mini_moat,
          mainiacjoe_overflow_large_starburst
Temple:   ebering_the_one_and_only

Skill      XL: |  1  2  3  4  5  6  7  8 |
---------------+-------------------------+-----
Fighting       | 4 5 6 7 |  7.4
Axes           | 4 5 6 8 9 |  9.6
Stealth        | 2 |  2.5
Dodging        | 4 |  4.1
Armour         | 2 3 4 5 |  5.6

Action                   |  1- 3 |  4- 6 |  7- 9 || total
-------------------------+-------+-------+-------++-------
Melee: Hand axe          |    89 |   170 |   104 ||   363
       Headbutt          |    14 |    24 |    16 ||    54
       Punch             |       |     4 |     1 ||     5
       War axe           |       |       |    35 ||    35
Invok: Ancestor Life: He |       |       |     1 ||     1
  Use: Scroll            |       |     6 |     4 ||    10
       Potion            |       |     4 |       ||     4
 Stab: Sleeping          |     1 |     6 |     2 ||     9
       Invisible         |       |     4 |       ||     4
       Distracted        |       |     1 |     1 ||     2
       Confused          |       |       |     4 ||     4
Armor: Robe              |    20 |     5 |       ||    25
       Scale mail        |       |    54 |    59 ||   113
Dodge: Dodged            |    71 |    98 |    73 ||   242
Block: Other             |       |    33 |    27 ||    60
